Map: Dusk Towers

Players

Miszu

  • Race: Terran Terran
  • League: Master

YONG - Winner!

  • Race: Zerg Zerg
  • League: Master

VOD

Have the link to the VOD?

Description

Time

  • Played on: May 1, 2016, 4:37 p.m.
  • Length: 4:06
Show
View Real Time Build Order
Export as new Build Order

Miszu Terran 

Build Orders: Reaper Expand 

Get SALT Encoding   

  12  0:00  SCV  
  13  0:13  SCV  
  14  0:18  Supply Depot  
  14  0:25  SCV  
  15  0:40  Barracks, SCV  
  16  0:43  Refinery  
  16  0:52  SCV  
  17  1:04  SCV  
  18  1:16  SCV  
  19  1:28  Orbital Command  
  19  1:29  Reaper  
  20  1:39  Command Center  
  20  1:53  Supply Depot  
  20  1:54  SCV  
  21  2:02  Marine  
  22  2:08  SCV  
  22  2:09  Factory  
  22  2:12  Refinery  
  23  2:21  SCV  
  23  2:22  Barracks Reactor  
  24  2:33  SCV  
  25  2:45  SCV  
  26  2:52  Factory Tech Lab  
  26  2:55  Bunker  
  26  2:56  Starport  
  26  2:57  SCV  
  26  2:58  Orbital Command  
  27  3:01  Marine x2  
  29  3:09  SCV  
  30  3:16  Siege Tank  
  30  3:19  Marine  
  33  3:21  SCV  
  34  3:33  SCV  
  36  3:34  Marine, Medivac  
  36  3:36  Bunker  
Show
View Real Time Build Order
Export as new Build Order

YONG Zerg - Winner!

Build Orders: Hatch First 

Get SALT Encoding   

  12  0:01  Drone  
  13  0:12  Overlord  
  13  0:17  Drone  
  14  0:31  Drone x2  
  14  0:34  Drone  
  17  0:45  Drone  
  18  1:00  Hatchery  
  17  1:09  Spawning Pool  
  16  1:13  Extractor  
  16  1:14  Drone  
  16  1:18  Drone  
  17  1:22  Drone  
  18  1:30  Drone  
  19  1:39  Drone  
  20  1:56  Roach Warren, Queen  
  20  1:57  Drone  
  22  2:05  Extractor  
  22  2:06  Drone  
  22  2:12  Queen  
  22  2:14  Drone  
  25  2:22  Overlord  
  25  2:34  Drone  
  25  2:36  Roach  
  28  2:42  Roach x2  
  32  2:48  Queen  
  34  2:54  Roach  
  36  3:00  Overlord  
  36  3:18  Overlord  
  36  3:21  Roach x3  
  42  3:37  Overlord  
  42  3:42  Roach, Ravager  
  42  3:43  Ravager x2  
  47  3:54  Ravager  
Tags
 
Add a new tag
Caveats
  • Supply blocks, unpowered buildings, or Contaminate may cause inaccurate times.
  • Supply counts are checked every 10 seconds.